 Dungeon Crawl Stone Soup version 0.23.2-33-g5129a83184 (webtiles) character file.

Game seed: 15561928767352249002

4694 psyvane the Quickloader (level 10, -2/71 HPs)
             Began as a Demonspawn Wanderer on July 19, 2019.
             Killed from afar by Erica (17 damage)
             ... with an orb of energy
             ... on level 9 of the Dungeon.
             The game lasted 00:33:37 (8113 turns).

psyvane the Quickloader (Demonspawn Wanderer)       Turns: 8113, Time: 00:33:38

Health: -2/71      AC:  8    Str: 14    XL:     10   Next: 21%
Magic:  0/19       EV: 12    Int: 15    God:
Gold:   614        SH:  0    Dex: 13    Spells: 9/9 levels left

rFire    . . .     SeeInvis +   i - +3 long sword
rCold    . . .     Gourm    .   (no shield)
rNeg     . . .     Faith    .   d - +0 robe
rPois    .         Spirit   +   (helmet unavailable)
rElec    .         Reflect  .   x - +2 cloak
rCorr    .         Harm     .   y - +1 pair of gloves {archery}
MR       .....                  K - +0 pair of boots
Stlth    ++........             H - amulet of guardian spirit
HPRegen  0.21/turn              m - ring of magical power
MPRegen  0.16/turn              u - ring of see invisible

@: no status effects
A: horns 3, spiny 1, sturdy frame 1
a: no special abilities


You were on level 9 of the Dungeon.
You were hungry.

You visited 1 branch of the dungeon, and saw 10 of its levels.

You collected 614 gold pieces.

Inventory:

Hand Weapons
 a - a +2 hand crossbow
 i - a +3 long sword (weapon)
 w - a +3 quarterstaff of chaos
 A - a +0 arbalest
Missiles
 b - 3 bolts
 e - 6 needles of sleeping
Armour
 d - a +0 robe (worn)
 k - a +0 chain mail
 q - a +2 shield of reflection
 x - a +2 cloak (worn)
 y - a +1 pair of gloves of archery (worn)
 J - a cursed -2 shield
 K - a +0 pair of boots (worn)
 M - a cursed +0 plate armour
Jewellery
 m - a ring of magical power (left hand)
 u - a ring of see invisible (right hand)
 v - an uncursed amulet of faith
 H - an amulet of guardian spirit (around neck)
 I - an uncursed ring of teleportation
Wands
 L - a wand of paralysis (4)
Scrolls
 c - 9 scrolls of teleportation
 g - 2 scrolls of blinking
 h - a scroll of vulnerability {unknown}
 j - a scroll of immolation {unknown}
 o - 3 scrolls of remove curse
 p - 2 scrolls of magic mapping {unknown}
 C - 2 scrolls of identify
 E - a scroll of fog {unknown}
 G - 2 scrolls of amnesia
Potions
 l - 2 potions of magic
 n - a potion of mutation {unknown}
 r - a potion of cancellation
 s - a potion of berserk rage
 t - 2 potions of ambrosia
 z - 3 potions of curing
 B - a potion of might
 D - a potion of flight {unknown}
 F - 3 potions of lignification
 N - a potion of invisibility {unknown}
 P - a potion of brilliance {unknown}
Comestibles
 f - 16 rations


   Skills:
 - Level 3.7 Fighting
   Level 1.0 Short Blades
 * Level 13.0 Crossbows
 - Level 2.6 Armour
 - Level 1.0 Dodging
 - Level 1.0 Stealth
 - Level 1.0 Shields
 - Level 1.1 Evocations


You had 9 spell levels left.
You didn't know any spells.
Your spell library contained the following spells:

 Spells                   Type           Power        Failure   Level  Hunger
 Poisonous Vapours        Pois/Air       #.....       38%         2    ###....
 Conjure Flame            Conj/Fire      #.......     63%         3    ####...
 Mephitic Cloud           Conj/Pois/Air  #.......     63%         3    ####...
 Freezing Cloud           Conj/Ice/Air   #.........   100%        6    #######
 Ring of Flames           Chrm/Fire      #.........   100%        7    #######


Dungeon Overview and Level Annotations

Branches:
Dungeon (10/15)            Temple (0/1) D:4            Lair (0/6) D:8
    Orc: D:9-12

Altars:
Fedhas
Gozag
Hepliaklqana
The Shining One

Shops:
D:9 (}

Annotations:
D:9 Erica
D:10 Harold, Joseph, Josephine


Innate Abilities, Weirdness & Mutations

You have a pair of large horns on your head.
You are partially covered in sharp spines.
Your movements are slightly less encumbered by armour. (ER -2)


Message History

Erica burns you.
You hit Erica.
Erica is almost dead.
Erica hits you with a +1 scimitar of flaming.
Erica burns you. Erica casts a spell at you. The orb of energy hits you!
* * * LOW HITPOINT WARNING * * *
The orb of energy explodes!
You feel better. Erica gestures at you while chanting.
The bolt of poison misses you.
You feel better. Erica casts a spell at you. The orb of energy hits you!!
* * * LOW HITPOINT WARNING * * *
You feel better.
Erica points at you and mumbles some strange words.
The orb of energy hits you!!
You die...

###.## #..#
#####'###### #########
#..........# #..@.....
+..........# #........
#..........# #........
#..........####........
#..........'.##...(....
#...._.....#.@@........
#..........####........
###.....#### #########
#######


You could see Erica.

Vanquished Creatures
  Pikel (D:7)
  Prince Ribbit (D:7)
  A hippogriff (D:7)
  3 wraiths (D:10)
  Sigmund (D:6)
  Eustachio (D:4)
  A hungry ghost (D:9)
  Menkaure (D:7)
  3 porcupines (D:8)
  An orc warrior (D:8)
  A slave (D:7)
  2 sky beasts
  A black bear (D:10)
  2 eyes of draining (D:10)
  An ice beast (D:9)
  A phantom (D:8)
  3 centaurs
  5 bullfrogs
  A wyvern skeleton (D:8)
  6 wights
  7 howler monkeys
  3 crimson imps
  3 jellies
  3 hounds
  Crazy Yiuf (D:3)
  3 orc wizards (D:8)
  Natasha (twice) (D:3)
  3 worker ants
  A hound zombie (D:6)
  A howler monkey skeleton (D:8)
  2 worker ant zombies
  8 adders
  A shadow imp (D:8)
  2 adder zombies
  An adder skeleton (D:7)
  A worm (D:3)
  5 leopard geckos
  7 orcs
  A ball python (D:1)
  5 giant cockroaches
  5 goblins
  10 hobgoblins
  7 jackals (D:3)
  5 kobolds
  2 quokkas
  4 bats
  6 frilled lizards
  8 rats
144 creatures vanquished.

Vanquished Creatures (others)
  A howler monkey zombie (D:7)
  A howler monkey skeleton (D:7)
  4 fungi (D:8)
6 creatures vanquished.

Grand Total: 150 creatures vanquished

Notes
Turn   | Place    | Note
-------+----------+-------------------------------------------
     0 | D:1      | psyvane the Demonspawn Wanderer began the quest for the
                  | Orb.
     0 | D:1      | psyvane set off with the following items: a +2 hand
                  | crossbow, 20 bolts, 2 scrolls of teleportation, a +0 robe,
                  | a ration
     0 | D:1      | Reached XP level 1. HP: 13/13 MP: 1/1
    28 | D:1      | Reached skill level 2 in Crossbows
    83 | D:1      | Gained mutation: You are partially covered in sharp spines.
                  | [demonic ancestry]
    83 | D:1      | Reached XP level 2. HP: 19/19 MP: 2/2
   431 | D:1      | Reached skill level 3 in Crossbows
   538 | D:1      | Reached XP level 3. HP: 19/24 MP: 3/3
  1743 | D:3      | Reached XP level 4. HP: 30/30 MP: 4/4
  1745 | D:3      | Reached skill level 4 in Crossbows
  1895 | D:3      | Found a runed translucent door.
  1896 | D:3      | Noticed Crazy Yiuf
  1977 | D:3      | Noticed Natasha
  1980 | D:3      | Killed Natasha
  2467 | D:3      | Noticed Natasha
  2471 | D:3      | Killed Natasha
  2471 | D:3      | Gained mutation: You have a pair of small horns on your
                  | head. [demonic ancestry]
  2471 | D:3      | Reached XP level 5. HP: 22/35 MP: 5/5
  2799 | D:3      | Killed Crazy Yiuf
  2799 | D:3      | Reached skill level 5 in Crossbows
  2896 | D:4      | Found a staircase to the Ecumenical Temple.
  3036 | D:4      | Found a hazy altar of Hepliaklqana.
  3285 | D:4      | Found a glowing golden altar of the Shining One.
  3319 | D:4      | Noticed Eustachio
  3327 | D:4      | Reached skill level 1 in Fighting
  3332 | D:4      | Killed Eustachio
  3332 | D:4      | Gained mutation: You have a pair of horns on your head.
                  | [demonic ancestry]
  3332 | D:4      | Reached XP level 6. HP: 47/47 MP: 6/6
  3462 | D:5      | Entered Level 5 of the Dungeon
  3572 | D:5      | Got a jewelled war axe
  3573 | D:5      | Identified the +5 war axe "Beger" {holy, rPois rC+ Dex+2}
                  | (You found it on level 5 of the Dungeon)
  3580 | D:5      | Found an opulent altar of Gozag.
  3940 | D:5      | Reached skill level 6 in Crossbows
  3940 | D:5      | Gained mutation: Your movements are slightly less
                  | encumbered by armour. (ER -2) [demonic ancestry]
  3940 | D:5      | Reached XP level 7. HP: 53/53 MP: 7/7
  4329 | D:6      | Reached skill level 7 in Crossbows
  4350 | D:6      | Noticed Sigmund
  4409 | D:6      | Killed Sigmund
  4620 | D:6      | Reached skill level 8 in Crossbows
  4620 | D:6      | Reached XP level 8. HP: 60/60 MP: 8/8
  5203 | D:7      | Noticed Prince Ribbit
  5208 | D:7      | Killed Prince Ribbit
  5334 | D:7      | Noticed a hippogriff
  5339 | D:7      | Killed a hippogriff
  5339 | D:7      | Reached skill level 9 in Crossbows
  5340 | D:7      | Noticed Menkaure
  5345 | D:7      | Killed Menkaure
  5533 | D:7      | Noticed Pikel
  5564 | D:7      | Killed Pikel
  5564 | D:7      | Reached skill level 10 in Crossbows
  5564 | D:7      | Gained mutation: You have a pair of large horns on your
                  | head. [demonic ancestry]
  5564 | D:7      | Reached XP level 9. HP: 42/65 MP: 9/9
  6219 | D:8      | Reached skill level 11 in Crossbows
  6441 | D:8      | Found a staircase to the Lair.
  6815 | D:8      | You fall through a shaft for 2 floors!
  6815 | D:10     | Entered Level 10 of the Dungeon
  6859 | D:10     | Reached skill level 12 in Crossbows
  7014 | D:10     | Noticed Josephine
  7045 | D:10     | Reached XP level 10. HP: 59/71 MP: 10/10
  7429 | D:10     | Noticed Joseph
  7490 | D:10     | Noticed a two-headed ogre
  7559 | D:10     | Noticed Harold
  7658 | D:9      | Found Qabbuh's Gadget Emporium.
  7893 | D:9      | Found Ophu's Antique Weapon Emporium.
  8069 | D:9      | Found a blossoming altar of Fedhas.
  8088 | D:9      | Noticed Erica
  8102 | D:9      | Reached skill level 13 in Crossbows
  8113 | D:9      | Killed from afar by Erica

Skill      XL: |  1  2  3  4  5  6  7  8  9 10 |
---------------+-------------------------------+-----
Crossbows      | 2 3 4 5 6 8 10 12 13 | 13.0
Fighting       | 3 |  3.7
Short Blades   | |  1.0
Armour         | |  2.6
Dodging        | |  1.0
Stealth        | |  1.0
Shields        | |  1.0
Evocations     | |  1.1

Action                   |  1- 3 |  4- 6 |  7- 9 | 10-12 || total
-------------------------+-------+-------+-------+-------++-------
Melee: Long sword        |       |       |    60 |    46 ||   106
       Headbutt          |       |       |     5 |    12 ||    17
 Fire: Hand crossbow     |    85 |    72 |   138 |    10 ||   305
       Arbalest          |       |       |       |     5 ||     5
Evoke: Wand              |       |       |    10 |     3 ||    13
  Use: Scroll            |     1 |     8 |     2 |     6 ||    17
       Potion            |       |       |     1 |     3 ||     4
 Stab: Sleeping          |       |       |     1 |       ||     1
  Eat: Chunk             |     2 |     7 |     9 |     3 ||    21
       Ration            |       |       |       |     1 ||     1
Armor: Robe              |     2 |     6 |    31 |    11 ||    50
Dodge: Dodged            |    17 |    17 |    77 |    28 ||   139
       Rpst.: Long sword |       |       |    10 |     7 ||    17
